 Dungeon Crawl Stone Soup version 0.17-a0-1115-g0372368 (webtiles) character file.

142 HEYYEYAAE the Shield-Bearer (level 5, 0/37 HPs)
             Began as an Octopode Fighter on May 23, 2015.
             Slain by an orc
             ... wielding a +0 mace
              (8 damage)
             ... on level 3 of the Dungeon.
             The game lasted 00:02:13 (2654 turns).

HEYYEYAAE the Shield-Bearer (Octopode Fighter)      Turns: 2654, Time: 00:02:14

Health: 0/37       AC:  1    Str: 21    XL:     5   Next: 25%
Magic:  5/5        EV: 11    Int: 15    God:
Gold:   91         SH:  9    Dex: 12    Spells: 0 memorised, 4 levels left

rFire  + . .     SeeInvis .     a - +0 war axe
rCold  + . .     Clarity  .     b - +0 shield
rNeg   . . .     SustAt   .     (helmet restricted)
rPois  +         Gourm    .     (no amulet)
rElec  +         Spirit   .     (no ring)
rCorr  +         Warding  .     (no ring)
rMut   .         Stasis   .     (no ring)
MR     .....                    (no ring)
Stlth  ++........               (no ring)
                                (no ring)
                                (no ring)
                                (no ring)

@: mighty, brilliant, resistant, not resistant to hostile enchantments,
unstealthy
A: almost no armour, amphibious, 8 rings, constrict 8, camouflage 1, gelatinous
body 1
a: no special abilities


You were on level 3 of the Dungeon.
You were not hungry.

You visited 1 branch of the dungeon, and saw 3 of its levels.

You collected 91 gold pieces.

Inventory:

Hand weapons
 a - a +0 war axe (weapon)
Armour
 b - a +0 shield (worn)
Jewellery
 l - an uncursed amulet of stasis
Scrolls
 h - a scroll of immolation {unknown}
 i - 2 scrolls of identify {unknown}
 m - 2 scrolls of remove curse {unknown}
 n - a scroll of magic mapping {unknown}
Potions
 c - a potion of might
Comestibles
 d - 3 bread rations


   Skills:
 + Level 3.9 Fighting
 + Level 2.6 Axes
 * Level 3.8 Dodging
 * Level 4.1 Shields


You had 4 spell levels left.
You didn't know any spells.

Dungeon Overview and Level Annotations

Branches:
Dungeon (3/15)

Altars:
Kikubaaqudgha
Qazlal

Annotations:
D:3 HeyJoe's ghost, weakling DDBe


Innate Abilities, Weirdness & Mutations

You cannot wear most types of armour.
You are amphibious.
You can wear up to eight rings at the same time.
You can use your tentacles to constrict eight enemies at once.
Your skin changes colour to match your surroundings (Stealth).
Your rubbery body absorbs attacks (AC +1).


Message History

Unknown command.
Drink which item? (? for menu, Esc to quit)
It was a potion of curing.
You feel better. The orc barely misses you. You block the orc's attack.
Something hits you.
* * * LOW HITPOINT WARNING * * *
HeyJoe's ghost hits you but does no damage.
Unknown command.
You hit HeyJoe's ghost.
HeyJoe's ghost is almost destroyed.
You slash something!
Reactivating autopickup.
Your Shields skill increases to level 4!
You have reached level 5!
You feel stronger.
You feel a bit more experienced.
You slash the orc!
You kill the orc!
You slash the orc!
You kill the orc!
You block HeyJoe's ghost's attack. The orc hits you with a mace!
You die...

#######.#......#####.
.....................
...............####
.##.###.###..#.#
..#.###..##..#.#
...............# .##
.........##....#####....
...####.........W)......
...####..##.....@o.#...
.........###...##o.....#
...............# ......#
................ .......
######.#.###...# .......
######.# #...# ..##.##
........ #... ..# .#
.....). ... .
...........#


You could see HeyJoe's ghost and 2 orcs.

Vanquished Creatures
  An orc wizard (D:3)
  5 adders (D:2)
  An ooze (D:1)
  A worm (D:2)
  2 giant geckos (D:1)
  4 orcs (D:3)
  5 giant cockroaches
  9 hobgoblins
  2 quokkas (D:2)
  7 bats
  2 giant newts (D:2)
  8 goblins
  7 kobolds
  5 rats
59 creatures vanquished.

Notes
Turn   | Place    | Note
--------------------------------------------------------------
     0 | D:1      | HEYYEYAAE the Octopode Fighter began the quest for the Orb.
     0 | D:1      | Reached XP level 1. HP: 16/16 MP: 1/1
   141 | D:1      | Reached XP level 2. HP: 5/21 MP: 2/2
  1009 | D:1      | Reached XP level 3. HP: 21/26 MP: 3/3
  1713 | D:2      | Reached XP level 4. HP: 19/31 MP: 4/4
  2093 | D:2      | Found a stormy altar of Qazlal.
  2094 | D:2      | Noticed a fire elemental
  2097 | D:2      | Noticed an air elemental
  2097 | D:2      | Noticed a water elemental
  2097 | D:2      | Noticed an earth elemental
  2239 | D:2      | Found an ancient bone altar of Kikubaaqudgha.
  2642 | D:3      | Noticed HeyJoe's ghost (weakling DDBe)
  2654 | D:3      | Reached skill level 4 in Shields
  2654 | D:3      | Reached XP level 5. HP: 8/37 MP: 5/5
  2654 | D:3      | Slain by an orc

Vault maps used:
D:1:      lemuel_arrival_tunnels, kennysheep_flooded_box
D:2:      lemuel_crystal_altar, nicolae_qazlal_style_of_elements

Action                   |  1- 3 |  4- 6 || total
-------------------------+-------+-------++-------
Melee: War axe           |    56 |    46 ||   102
  Use: Potion            |       |     5 ||     5
 Stab: Sleeping          |     4 |     4 ||     8
  Eat: Chunk             |     2 |     2 ||     4
       Meat ration       |       |     1 ||     1
